 Dungeon Crawl Stone Soup version 0.23.0 (webtiles) character file.

Game seed: 2172297757870756784

915 BarneyGumball the Cleaver (level 7, -2/85 HPs)
             Began as a Minotaur Berserker on Feb 21, 2019.
             Was a Priest of Trog.
             Slain by an orc wizard
             ... wielding a +0 dagger
              (6 damage)
             ... on level 5 of the Dungeon on Feb 22, 2019.
             The game lasted 00:05:19 (5554 turns).

BarneyGumball the Cleaver (Minotaur Berserker)      Turns: 5554, Time: 00:05:19

Health: -2/85      AC:  2    Str: 29    XL:     7   Next: 82%
Magic:  6/6        EV: 12    Int:  4    God:    Trog [***...]
Gold:   172        SH:  0    Dex:  9    Spells: 6/6 levels left

rFire    . . .     SeeInvis .   a - +0 hand axe
rCold    . . .     Gourm    .   (no shield)
rNeg     . . .     Faith    .   b - +0 animal skin
rPois    .         Spirit   .   (helmet restricted)
rElec    .         Reflect  .   (no cloak)
rCorr    .         Harm     .   (no gloves)
MR       .....                  (no boots)
Stlth    ..........             (no amulet)
HPRegen  0.24/turn              (no ring)
MPRegen  0.10/turn              (no ring)

@: berserking, fainting, very quick
A: retaliatory headbutt, horns 2
a: Berserk, Trog's Hand, Renounce Religion


You were on level 5 of the Dungeon.
You worshipped Trog.
Trog was most pleased with you.
You were fainting.

You visited 1 branch of the dungeon, and saw 5 of its levels.

You collected 172 gold pieces.

Inventory:

Hand Weapons
 a - a +0 hand axe (weapon)
Armour
 b - a +0 animal skin (worn)
Jewellery
 r - an uncursed amulet of rage {unknown}
 w - an uncursed amulet of harm {unknown}
Wands
 q - a wand of flame (22)
 s - a wand of enslavement (9)
Scrolls
 d - a scroll of enchant weapon {unknown}
 e - 2 scrolls of fog {unknown}
 g - 3 scrolls of teleportation {unknown}
 l - 2 scrolls of immolation {unknown}
 m - 2 scrolls of amnesia {unknown}
 o - a scroll of identify {unknown}
 p - a scroll of remove curse {unknown}
Potions
 f - a potion of curing {unknown}
 h - 3 potions of flight {unknown}
 i - 2 potions of heal wounds
 j - 2 potions of degeneration {unknown}
 k - a potion of lignification {unknown}
 n - a potion of magic {unknown}
 t - a potion of resistance {unknown}
 u - a potion of brilliance {unknown}
 v - a potion of berserk rage {unknown}
Comestibles
 c - 11 rations


   Skills:
 - Level 3.6 Fighting
 * Level 9.5 Axes
 + Level 6.5 Armour
 - Level 2.1 Dodging


You had 6 spell levels left.
You didn't know any spells.
Your spell library was empty.

Dungeon Overview and Level Annotations

Branches:
Dungeon (5/15)
 Temple: D:4-7

Altars:
Cheibriados
Gozag
Nemelex Xobeh
Qazlal
Ru
Sif Muna
Uskayaw
Zin
The Shining One


Innate Abilities, Weirdness & Mutations

You reflexively headbutt those who attack you in melee.
You have a pair of horns on your head.


Message History

Trog accepts your kill.
The orc throws a tomahawk.
The tomahawk hits you.
* * * LOW HITPOINT WARNING * * *
Something hits you.
* * * LOW HITPOINT WARNING * * *
The orc wizard hits you with a +0 dagger.
* * * LOW HITPOINT WARNING * * *
The orc priest miscasts a cantrip.
Found a leather armour.
Things that are here:
a +0 club; an orc corpse You hit the orc priest but do no damage.
You closely miss something. You hit the orc wizard.
The orc wizard points at you and mumbles some strange words.
You resist with some effort.
The orc priest looks braver for a moment.
Unknown command.
You completely miss the orc priest. You barely miss something.
You hit the orc wizard. Something hits you.
You die...

......... .........
......... ......
........###.......
......##..........
#.....#%.........
...#....o#..........
.....(o@o#..........
[......)(h.oo.......
...#....o.).........
# ##..##......(....
###.............
#............... .#
#...[...........
...#..##[.....#..>.
......#......## .#.


You could see a howler monkey, an orc priest, 2 orc wizards and 3 orcs.

Vanquished Creatures
  2 phantoms (D:4)
  2 ogres (D:4)
  A scorpion (D:4)
  A hound (D:4)
  2 orc priests
  2 orc wizards (D:5)
  2 iguanas
  4 worker ants
  A howler monkey zombie (D:5)
  11 adders
  An ooze (D:3)
  An adder skeleton (D:4)
  An adder zombie (D:5)
  3 worms
  4 dart slugs
  A leopard gecko (D:2)
  10 orcs
  14 giant cockroaches
  7 goblins
  4 hobgoblins
  7 jackals
  A quokka (D:4)
  2 ball pythons
  6 bats
  5 frilled lizards
  8 kobolds
  A leopard gecko zombie (D:5)
  6 rats
110 creatures vanquished.

Notes
Turn   | Place    | Note
-------+----------+-------------------------------------------
     0 | D:1      | BarneyGumball the Minotaur Berserker began the quest for
                  | the Orb.
     0 | D:1      | Reached XP level 1. HP: 19/19 MP: 0/0
   405 | D:1      | Reached skill level 4 in Axes
   406 | D:1      | Reached XP level 2. HP: 23/26 MP: 1/1
   743 | D:2      | Found a sparkling altar of Nemelex Xobeh.
   745 | D:2      | Found a glowing silver altar of Zin.
   745 | D:2      | Found a glowing golden altar of the Shining One.
   746 | D:2      | Found a deep blue altar of Sif Muna.
   982 | D:2      | Reached skill level 5 in Axes
   982 | D:2      | Reached XP level 3. HP: 28/31 MP: 2/2
   989 | D:2      | Reached XP level 4. HP: 21/39 MP: 3/3
  1324 | D:2      | Found an opulent altar of Gozag.
  1325 | D:2      | Found a stormy altar of Qazlal.
  1325 | D:2      | Found a sacrificial altar of Ru.
  1326 | D:2      | Found a snail-covered altar of Cheibriados.
  2298 | D:2      | Reached skill level 6 in Axes
  2298 | D:2      | Reached XP level 5. HP: 45/45 MP: 4/4
  2616 | D:3      | Reached ** piety under Trog
  3251 | D:4      | Found a hide-covered altar of Uskayaw.
  3268 | D:4      | Noticed an ogre
  3273 | D:4      | Killed an ogre
  3273 | D:4      | Reached skill level 7 in Axes
  3273 | D:4      | Reached XP level 6. HP: 51/51 MP: 5/5
  3465 | D:4      | Reached skill level 5 in Armour
  3467 | D:4      | HP: 1/76 [ogre/+0 giant club (24)]
  3807 | D:4      | Reached *** piety under Trog
  3816 | D:4      | Reached skill level 8 in Axes
  4164 | D:4      | Reached XP level 7. HP: 41/57 MP: 6/6
  5347 | D:4      | Reached skill level 9 in Axes
  5483 | D:5      | Entered Level 5 of the Dungeon
  5551 | D:5      | HP: 4/85 [orc wizard/+0 dagger (3)]
  5554 | D:5      | Slain by an orc wizard

Skill      XL: |  1  2  3  4  5  6  7 |
---------------+----------------------+-----
Axes           | 4 5 6 7 8 9 |  9.5
Armour         | 3 4 5 6 |  6.5
Fighting       | |  3.6
Dodging        | |  2.1

Action                   |  1- 3 |  4- 6 |  7- 9 || total
-------------------------+-------+-------+-------++-------
Melee: Hand axe          |    53 |   156 |    63 ||   272
       Headbutt          |     8 |    25 |    13 ||    46
Invok: Berserk           |     2 |     5 |     2 ||     9
       Trog's Hand       |       |     1 |       ||     1
  Use: Potion            |     1 |       |       ||     1
 Stab: Sleeping          |     1 |       |       ||     1
  Eat: Chunk             |       |    12 |     5 ||    17
       Ration            |       |     1 |       ||     1
Armor: Animal skin       |    11 |    23 |     9 ||    43
Dodge: Dodged            |    36 |   108 |    45 ||   189
